 Dungeon Crawl Stone Soup version 0.28.0 (webtiles) character file.

Game seed: 9126837965804802994

2676 Cykl0x the Digger (level 9, -3/54 HPs)
             Began as a Gargoyle Earth Elementalist on Feb 13, 2022.
             Was a Follower of the Shining One.
             Slain by a mummy (9 damage)
             ... in an ossuary.
             The game lasted 00:17:22 (8439 turns).

Cykl0x the Digger (Gargoyle Earth Elementalist)     Turns: 8439, Time: 00:17:23

Health: -3/54      AC: 12    Str: 15    XL:     9   Next: 64%
Magic:  2/17       EV: 11    Int: 17    God:    the Shining One [*.....]
Gold:   253        SH:  0    Dex: 10    Spells: 14/18 levels left

rFire   . . .      SeeInvis +   v - +0 falchion
rCold   . . .      Faith    .   (no shield)
rNeg    + . .      Spirit   .   o - +0 ring mail
rPois   ∞          Reflect  .   (no helmet)
rElec   +          Harm     .   (no cloak)
rCorr   .          Rampage  .   (no gloves)
Will    +....                   (no boots)
Stlth   +.........              w - amulet of the acrobat
HPRegen 0.18/turn               g - ring of see invisible
MPRegen 0.15/turn               q - ring of willpower

@: glowing, studying Necromancy
A: sickness immunity, AC +6, negative energy resistance 1, electricity
resistance, torment resistance 1, petrification resistance
a: Renounce Religion, Divine Shield


You were in an ossuary.
You worshipped the Shining One.
The Shining One was aware of your devotion.
You visited 2 branches of the dungeon, and saw 8 of its levels.
You also visited: Ossuary.

You collected 253 gold pieces.

Inventory:

Hand Weapons
 e - a +2 dagger of venom
 l - a +3 dagger
 r - a +2 short sword of holy wrath
 v - a +0 falchion (weapon)
Missiles
 c - 211 stones
Armour
 b - a +0 robe
 d - an orb of energy
 i - a +2 leather armour of fire resistance
 o - a +0 ring mail (worn)
Jewellery
 g - a ring of see invisible (left hand)
 q - a ring of willpower (right hand)
 w - an amulet of the acrobat (around neck)
Wands
 m - a wand of mindburst (14)
 n - a wand of charming (12)
Scrolls
 k - a scroll of teleportation
Potions
 a - a potion of brilliance
 f - 2 potions of curing
 h - 2 potions of ambrosia
 p - a potion of lignification
 s - a potion of resistance {unknown}
 t - 2 potions of heal wounds {unknown}
 u - a potion of mutation {unknown}


   Skills:
 * Level 5.0 Fighting
 + Level 1.1 Short Blades
 + Level 0.1(0.6) Long Blades
 + Level 3.9 Armour
 + Level 2.3 Dodging
 - Level 2.1 Stealth
 + Level 5.3 Spellcasting
 * Level 6.9 Conjurations
 - Level 0.7 Transmutations
 + Level 7.2 Earth Magic
 * Level 4.7 Invocations


You had 14 spell levels left.
You knew the following spells:

 Your Spells              Type           Power      Damage    Failure   Level
a - Sandblast             Erth           58%        2d13      1%          1
b - Stone Arrow           Conj/Erth      56%        3d10      4%          3

Your spell library contained the following spells:

 Spells                   Type           Power      Damage    Failure   Level
 Shock                    Conj/Air       64%        1d7       6%          1
 Passwall                 Tmut/Erth      15%        N/A       8%          2
 Petrify                  Tmut/Erth      18%        N/A       45%         4
 Swiftness                Air            4%         N/A       58%         3
 Airstrike                Air            2%         N/A       94%         4
 Animate Dead             Necr           2%         N/A       94%         4
 Dispersal                Tloc           2%         N/A       100%        6
 Haunt                    Necr/Summ      2%         N/A       100%        7
 Disjunction              Tloc           2%         N/A       100%        8
 Infestation              Necr           2%         N/A       100%        8


Dungeon Overview and Level Annotations

Branches:
Dungeon (7/15)             Temple (1/1) D:4         Ossuary (1/1)

Altars:
Dithmenos
Elyvilon
Fedhas
Gozag
Makhleb
Okawaru
Sif Muna
Trog
Uskayaw
Vehumet
Xom
Zin
The Shining One

Shops:
D:2 (   D:3 [


Innate Abilities, Weirdness & Mutations

You are immune to sickness and miasma.
Your stone body is resilient. (AC +6)
You are immune to poison.
You resist negative energy. (rN+)
You are resistant to electric shocks. (rElec)
You are resistant to unholy torment.
You are immune to petrification.


Message History

Found a sand-covered staircase.
There is an open door here.
There is a sand-covered staircase here.
The world spins around you as you enter the gateway.
You enter an ossuary!
Found a gate leading back out of this place.
There is an empty arch of ancient stone here.
You miscast Stone Arrow.
You are very lightly contaminated with residual magic.
Nothing appears to happen.
Casting: Stone Arrow (dangerous; 4% risk of failure)
Confirm with . or Enter, or press ? or * to list all spells.
Aiming: Sandblast (safe; 1% risk of failure)
Press: ? - help, Shift-Dir - straight line, f/p - mummy
Aim: a mummy (91% to hit)
The blast of sand hits the mummy!
The mummy is heavily damaged.
c - 211 stones You hit the mummy.
The mummy is severely damaged.
The mummy hits you but does no damage. The mummy hits you! x2
* * * LOW HITPOINT WARNING * * *
You are too injured to fight recklessly!
You hit the mummy.
The mummy is almost destroyed.
The mummy hits you!
* * * LOW HITPOINT WARNING * * *
The mummy hits you but does no damage. The mummy completely misses you.
You hit the mummy.
You destroy the mummy!
The Shining One accepts your kill. The mummy misses you.
The mummy hits you but does no damage.
You feel better.
Your magical contamination has completely faded away.
You completely miss the mummy. The mummy closely misses you.
The mummy hits you!
* * * LOW HITPOINT WARNING * * *
You hit the mummy but do no damage. The mummy barely misses you.
The mummy hits you!
You die...

###
#..######
##......#
#.M@∩.∩.+
##M.....#
#..######
###


You could see 2 mummies.

Vanquished Creatures
  A wyvern (D:5)
  Sigmund (D:6)
  Eustachio (D:5)
  Menkaure (D:6)
  A water moccasin (D:7)
  2 orc warriors
  Pargi (D:4)
  An ice beast (D:5)
  4 ogres
  A black bear (D:5)
  The ghost of altcumming the Caller, an amateur HuSu (D:3)
  3 phantoms
  A kobold brigand (D:6)
  Blork the orc (D:6)
  A scorpion (D:5)
  A wyvern skeleton (D:5)
  A bullfrog zombie (D:5)
  A centaur zombie (D:5)
  2 hounds
  2 jellies (D:5)
  4 orc priests
  A bullfrog skeleton (D:6)
  2 orc wizards (D:6)
  A mummy (Ossuary)
  3 gnolls (D:5)
  13 adders
  2 white imps
  An adder zombie (D:3)
  A worm (D:3)
  4 dart slugs
  20 orcs
  4 ball pythons
  5 endoplasms
  3 giant cockroaches
  6 goblins
  6 hobgoblins
  3 jackals (D:1)
  3 quokkas
  5 bats
  A frilled lizard (D:2)
  16 kobolds
  3 rats
135 creatures vanquished.

Notes
Turn   | Place    | Note
-------+----------+-------------------------------------------
     0 | D:1      | Cykl0x the Gargoyle Earth Elementalist began the quest for
                  | the Orb.
     0 | D:1      | Reached XP level 1. HP: 10/10 MP: 3/3
    18 | D:1      | Reached skill level 1 in Conjurations
    77 | D:1      | Reached XP level 2. HP: 15/15 MP: 3/5
   270 | D:1      | Reached skill level 4 in Earth Magic
   637 | D:1      | Reached skill level 1 in Fighting
   775 | D:2      | Reached XP level 3. HP: 20/20 MP: 4/6
   779 | D:2      | Learned a level 3 spell: Stone Arrow
  1405 | D:2      | Reached XP level 4. HP: 21/25 MP: 0/7
  1539 | D:2      | Found Fill's Weapon Shop.
  1654 | D:2      | Found a faded altar of an unknown god.
  2193 | D:3      | Reached skill level 5 in Earth Magic
  2273 | D:3      | Found a runed translucent gate.
  2273 | D:3      | Found a runed translucent gate.
  2273 | D:3      | Noticed altcumming's ghost (amateur HuSu)
  2274 | D:3      | Found a runed translucent gate.
  2289 | D:3      | Found Ytaucuim's Armour Shoppe.
  2689 | D:3      | Found a white marble altar of Elyvilon.
  2695 | D:3      | Reached XP level 5. HP: 30/30 MP: 4/9
  2698 | D:3      | Became a worshipper of Elyvilon the Healer
  3406 | D:3      | Killed altcumming's ghost
  3554 | D:4      | Noticed a phantom
  3558 | D:4      | Killed a phantom
  3559 | D:4      | Reached skill level 1 in Invocations
  3559 | D:4      | Reached XP level 6. HP: 36/36 MP: 0/10
  3565 | D:4      | Reached skill level 1 in Armour
  3821 | D:4      | Found a staircase to the Ecumenical Temple.
  3831 | Temple   | Entered the Ecumenical Temple
  3922 | Temple   | Fell from the grace of Elyvilon
  3922 | Temple   | Became a worshipper of the Shining One
  3969 | D:4      | Noticed Pargi
  3972 | D:4      | Reached XP level 7. HP: 40/40 MP: 1/12
  4077 | D:4      | Killed Pargi
  4199 | D:4      | Reached skill level 1 in Short Blades
  4969 | D:5      | Entered Level 5 of the Dungeon
  4995 | D:5      | Noticed a wyvern
  4999 | D:5      | Killed a wyvern
  5000 | D:5      | Reached skill level 6 in Earth Magic
  5000 | D:5      | Reached XP level 8. HP: 46/46 MP: 3/13
  5763 | D:5      | Reached skill level 5 in Conjurations
  6435 | D:6      | Noticed Sigmund
  6435 | D:6      | Noticed Eustachio
  6481 | D:5      | Killed Eustachio
  6482 | D:5      | Reached XP level 9. HP: 14/52 MP: 1/16
  6714 | D:6      | Killed Sigmund
  6715 | D:6      | Reached skill level 5 in Spellcasting
  7175 | D:6      | Noticed Blork the orc
  7178 | D:6      | Killed Blork the orc
  7611 | D:6      | Reached * piety under the Shining One
  7689 | D:6      | Reached skill level 7 in Earth Magic
  7910 | D:6      | Noticed Menkaure
  7916 | D:6      | Killed Menkaure
  8402 | D:7      | Reached skill level 5 in Fighting
  8425 | D:7      | Found a sand-covered staircase.
  8430 | Ossuary  | Entered an ossuary
  8439 | Ossuary  | Slain by a mummy

Illustrated notes

Levels and vault maps discovered:
D:1:      dpeg_arrival_orchard, layout_rooms, chequers_serial_rivers_small_a,
          nrook_campfire
D:2:      layout_basic, serial_shops, shop, hellmonk_ecumenical_altar_zigzags
D:3:      layout_basic, elyvilon_altar_1, gammafunk_ghost_split, serial_shops,
          shop
D:4:      layout_gridville, temple_fountains, minmay_manual_mail, uniq_pargi
D:5:      layout_basic
D:6:      layout_loops_corners, uniq_menkaure, uniq_blork_the_orc, uniq_sigmund,
          uniq_eustachio
D:7:      layout_basic, enter_ossuary_2, guppyfry_early_elven_hall
Temple:   nicolae_temple_the_god_donut
Ossuary:  ossuary_minmay_chase

Skill      XL: |  1  2  3  4  5  6  7  8  9 |
---------------+----------------------------+-----
Conjurations   | 1 2 3 4 5 6 |  6.9
Earth Magic    | 4 5 6 7 |  7.2
Fighting       | 1 2 3 4 5 |  5.0
Spellcasting   | 3 4 5 |  5.3
Invocations    | 1 2 3 4 |  4.7
Armour         | 2 3 |  3.9
Dodging        | 2 |  2.3
Short Blades   | 1 |  1.1
Long Blades    | |  0.1
Stealth        | |  2.1
Transmutations | |  0.7

Action                   |  1- 3 |  4- 6 |  7- 9 || total
-------------------------+-------+-------+-------++-------
Melee: Unarmed           |     3 |       |       ||     3
       Dagger            |    12 |    48 |    43 ||   103
       Falchion          |       |       |    26 ||    26
 Cast: Sandblast         |    32 |    13 |     7 ||    52
       Stone Arrow       |    11 |    31 |   102 ||   144
  Use: Scroll            |     3 |     2 |     6 ||    11
       Potion            |       |       |     1 ||     1
Armor: Robe              |    13 |     1 |       ||    14
       Leather armour    |       |    16 |    27 ||    43
       Ring mail         |       |       |    37 ||    37
Dodge: Dodged            |    50 |    30 |    80 ||   160
